 Dungeon Crawl Stone Soup version 0.19.4-9-g45fd643 (webtiles) character file.

1307 Rrauwl the Vandal (level 8, -3/52 HPs)
             Began as a Halfling Berserker on Feb 22, 2017.
             Was a Priest of Trog.
             Slain by an ogre
             ... wielding a +0 giant club
              (26 damage)
             ... on level 5 of the Dungeon.
             The game lasted 00:28:12 (4548 turns).

Rrauwl the Vandal (Halfling Berserker)              Turns: 4548, Time: 00:28:13

Health: -3/52      AC:  4    Str: 19 (20) XL:     8   Next: 88%
Magic:  9/9        EV: 15    Int:  5      God:    Trog [***...]
Gold:   180        SH:  6    Dex: 14 (16) Spells: 0 memorised, 7 levels left

rFire  . . .     SeeInvis .     t - +3 hunting sling (freeze)
rCold  . . .     Gourm    .     b - +0 animal skin
rNeg   . . .     Faith    .     g - +0 buckler
rPois  .         Spirit   .     (no helmet)
rElec  .         Reflect  .     k - +0 cloak
rCorr  .         Harm     .     (no gloves)
MR     .....                    p - +0 pair of boots
Stlth  +++.......               (no amulet)
                                (no ring)
                                (no ring)

@: no status effects
A: mutation resistance 1, strong 1
a: Berserk, Trog's Hand, Burn Spellbooks, Renounce Religion


You were on level 5 of the Dungeon.
You worshipped Trog.
Trog was most pleased with you.
You were not hungry.

You visited 1 branch of the dungeon, and saw 5 of its levels.

You collected 180 gold pieces.

Inventory:

Hand Weapons
 t - a +3 hunting sling of freezing (weapon)
 z - a +1 dagger of flaming
Missiles
 e - 7 sling bullets (quivered)
Armour
 b - a +0 animal skin (worn)
 g - a +0 buckler (worn)
 k - a +0 cloak (worn)
 p - a +0 pair of boots (worn)
Wands
 x - a wand of slowing (17/48)
Scrolls
 f - a scroll of magic mapping {unknown}
 h - a scroll of fog {unknown}
 m - a scroll of random uselessness {unknown}
 n - a scroll of amnesia {unknown}
 o - 2 scrolls of enchant armour {unknown}
 q - a scroll of blinking {unknown}
 s - 2 scrolls of identify
 w - a scroll of noise {unknown}
 y - a scroll of remove curse {unknown}
 A - a scroll of recharging {unknown}
Potions
 a - a potion of invisibility
 d - 3 potions of might
 i - a potion of cure mutation {unknown}
 u - 2 potions of curing {unknown}
 v - a potion of lignification {unknown}
Comestibles
 c - 3 bread rations
 j - 2 royal jellies
 l - a meat ration
 r - a chunk of flesh


   Skills:
 + Level 3.3 Fighting
 + Level 6.6 Short Blades
 + Level 6.9 Slings
 + Level 3.4 Armour
 + Level 3.3 Dodging
 + Level 4.3 Stealth
 + Level 4.5 Shields
 + Level 2.0 Evocations


You had 7 spell levels left.
You didn't know any spells.

Dungeon Overview and Level Annotations

Branches:
Dungeon (5/15)
 Temple: D:4-7

Altars:
Fedhas
Uskayaw

Shops:
D:4 *[[(   D:5 ?[*


Innate Abilities, Weirdness & Mutations

You are small and have problems with some larger weapons.
You are somewhat resistant to further mutation.
Your muscles are strong. (Str +2)


Message History

Aim: an ogre, wielding a giant club You shoot a sling bullet.
The sling bullet hits the ogre!
The sling bullet freezes the ogre.
The ogre is moderately wounded.
You block the ogre's attack.
Firing (i - inventory):
e - 9 sling bullets (quivered)
Press: ? - help, Shift-Dir - straight line, f/p - ogre
Aim: an ogre, wielding a giant club (moderately wounded)
You shoot a sling bullet. The sling bullet hits the ogre!
The sling bullet freezes the ogre.
The ogre is severely wounded.
Firing (i - inventory):
e - 8 sling bullets (quivered)
Press: ? - help, Shift-Dir - straight line, f/p - ogre
Aim: an ogre, wielding a giant club (severely wounded)
You shoot a sling bullet. The sling bullet hits the ogre.
The sling bullet freezes the ogre.
The ogre is almost dead.
The ogre hits you with a giant club!!
Ouch! That really hurt!
You die...

######.............#
#....#.#########+#.# #(
#....'.####### .#
#((##♣#....#........ ..#
.(([.('......######### ...
O....((.####..##.....#....
#..##♣#(.####.#..###.#....
##O##..∩)....(...#
#.@..#.#....#.###
#...........#.#
#...........#.#####
#...........#.....#
#...........#####.#
#...........# #.#
#...........# #.#
..####....### #.. #..


You could see an ogre.

Vanquished Creatures
  Grinder (D:3)
  Sigmund (D:2)
  Menkaure (D:5)
  An ogre (D:4)
  A centaur (D:5)
  2 scorpions
  A howler monkey (D:4)
  4 hounds (D:4)
  4 orc priests
  A centaur skeleton (D:4)
  2 orc wizards (D:4)
  A worker ant (D:5)
  3 gnolls (D:2)
  6 adders
  A shadow imp (D:5)
  An adder skeleton (D:4)
  2 worms
  3 dart slugs
  7 leopard geckos
  8 orcs
  5 bats
  2 giant cockroaches
  11 hobgoblins
  2 jackals (D:1)
  6 kobolds (D:3)
  4 quokkas
  A ball python (D:4)
  A frilled lizard (D:3)
  12 goblins
  10 rats
105 creatures vanquished.

Notes
Turn   | Place    | Note
-------+----------+-------------------------------------------
     0 | D:1      | Rrauwl the Halfling Berserker began the quest for the Orb.
     0 | D:1      | Reached XP level 1. HP: 15/15 MP: 1/1
    58 | D:1      | Reached XP level 2. HP: 18/20 MP: 2/2
   393 | D:1      | Reached skill level 1 in Stealth
   812 | D:1      | Reached XP level 3. HP: 15/25 MP: 3/3
   954 | D:1      | Reached skill level 1 in Shields
  1130 | D:1      | Reached ** piety under Trog
  1361 | D:2      | Reached skill level 1 in Slings
  1410 | D:2      | Reached XP level 4. HP: 28/31 MP: 4/4
  1846 | D:2      | Noticed Sigmund
  1856 | D:2      | Killed Sigmund
  1856 | D:2      | Reached skill level 5 in Short Blades
  1856 | D:2      | Reached XP level 5. HP: 36/36 MP: 5/5
  1856 | D:2      | Reached XP level 6. HP: 42/42 MP: 6/6
  2572 | D:3      | Found a blossoming altar of Fedhas.
  3201 | D:3      | Noticed Grinder
  3201 | D:3      | Paralysed by Grinder for 2 turns
  3218 | D:3      | Killed Grinder
  3218 | D:3      | Reached skill level 5 in Slings
  3218 | D:3      | Reached XP level 7. HP: 33/46 MP: 7/7
  3338 | D:3      | Found a hide-covered altar of Uskayaw.
  3466 | D:4      | Found Puyreath's Assorted Antiques.
  3495 | D:4      | Reached *** piety under Trog
  3551 | D:4      | Found Didd's Weapon Shoppe.
  3700 | D:4      | Reached XP level 8. HP: 31/52 MP: 8/8
  3746 | D:4      | Found Ixkekkat's Armour Shop.
  3774 | D:4      | Gained mutation: Your muscles are strong. (Str +2) [potion of mutation]
  3798 | D:4      | Reached skill level 1 in Evocations
  4102 | D:4      | Found Yvved's Armour Shoppe.
  4334 | D:5      | Entered Level 5 of the Dungeon
  4338 | D:5      | Found Yntiq's Armour Shop.
  4365 | D:5      | Found Jujof's Assorted Antiques.
  4424 | D:5      | Found Sika's Magic Scroll Emporium.
  4460 | D:5      | Noticed Menkaure
  4545 | D:5      | Killed Menkaure
  4548 | D:5      | Slain by an ogre

Skill      XL: |  1  2  3  4  5  6  7  8 |
---------------+-------------------------+-----
Stealth        | 1 2 4 |  4.3
Short Blades   | 4 5 6 |  6.6
Fighting       | 3 |  3.3
Shields        | 1 2 3 4 |  4.5
Slings         | 1 3 5 6 |  6.9
Evocations     | 2 |  2.0
Dodging        | 3 |  3.3
Armour         | 3 |  3.4

Action                   |  1- 3 |  4- 6 |  7- 9 || total
-------------------------+-------+-------+-------++-------
Melee: Short sword       |    97 |   118 |       ||   215
       Dagger            |       |     5 |     6 ||    11
 Fire: Hunting sling     |       |    53 |   113 ||   166
Invok: Berserk           |     1 |     1 |       ||     2
  Use: Potion            |       |       |     2 ||     2
       Scroll            |       |       |     1 ||     1
 Stab: Sleeping          |       |     2 |       ||     2
  Eat: Chunk             |     2 |     7 |     4 ||    13
Armor: Animal skin       |    11 |    11 |     1 ||    23
Dodge: Dodged            |    45 |    54 |    25 ||   124
Block: Buckler           |    10 |    28 |    13 ||    51
